MID
SOUTH BEND CUBS @ GREENSBORO GRASSHOPPERS
08/02/2044
 
TOP OF THE 1ST
South Bend Cubs batting - Pitching for Greensboro Grasshoppers : RHP Zack Evans
Pitching: RHP Zack Evans
Batting: RHB Jason Ostrom 0-0: Ball
1-0: Ball
2-0: Called Strike
2-1: Swinging Strike
2-2: SINGLE (Flyball, 5D, EV 89.4 MPH)
Batting: LHB Bill Tardiff 0-0: Ball
1-0: SINGLE (Groundball, 6M, EV 101.9 MPH) (infield hit)
Jason Ostrom to second
Batting: RHB Mike Savage 0-0: Called Strike
0-1: Fielders Choice at 2nd, 5-4 (Groundball, 56, EV 101.9 MPH)
Jason Ostrom to third
Batting: LHB Mike DiNardo 0-0: Called Strike
0-1: Swinging Strike
0-2: Ball
1-2: Strikes out swinging
Batting: LHB Shuan-yan Wu 0-0: Ball
Mike Savage steals 2nd base
1-0: Foul Ball, location: 2F
1-1: Foul Ball, location: 2F
1-2: Ball
2-2: Foul Ball, location: 2F
2-2: Ball
3-2: Ground out 3-1 (Groundball, 34, EV 81.3 MPH)
Top of the 1st over - 0 runs, 2 hits, 0 errors, 2 left on base; South Bend 0 - Greensboro 0
BOTTOM OF THE 1ST
Greensboro Grasshoppers batting - Pitching for South Bend Cubs : RHP Jean-Paul Lefebvre
Pitching: RHP Jean-Paul Lefebvre
Batting: RHB Tom Thompson 0-0: Foul Ball, location: 2F
0-1: Swinging Strike
0-2: Strikes out swinging
Batting: RHB Torquato Obawole 0-0: Ball
1-0: Ball
2-0: Swinging Strike
2-1: SINGLE (Groundball, 56D, EV 98.1 MPH)
Batting: RHB Isaiah Brockman 0-0: Called Strike
Torquato Obawole steals 2nd base
0-1: Foul Ball, location: 2F
0-2: Ball
1-2: Strikes out swinging
Batting: RHB Jake Shelton 0-0: Ball
1-0: Ball
2-0: Ball
3-0: Base on Balls
Batting: RHB Jordan Arcidez 0-0: Ball
1-0: Called Strike
1-1: Ball
2-1: DOUBLE (Line Drive, 8RXD, EV 110.0 MPH)
Torquato Obawole scores
Jake Shelton to third
Runner from 3rd tries for Home, SAFE, throw by CF to home
Batting: RHB Wei-guo Tsu 0-0: Fly out, F9 (Flyball, 9, EV 94.4 MPH)
Bottom of the 1st over - 2 runs, 2 hits, 0 errors, 1 left on base; South Bend 0 - Greensboro 2
TOP OF THE 2ND
South Bend Cubs batting - Pitching for Greensboro Grasshoppers : RHP Zack Evans
Batting: LHB Jim Polson 0-0: Ball
1-0: Foul Ball, location: 2F
1-1: SOLO HOME RUN (Line Drive, 9LD, EV 98.1 MPH), Distance : 359 ft
Batting: RHB John Madden 0-0: SINGLE (Line Drive, 89S, EV 99.4 MPH)
Batting: SHB Alvaro Andrade 0-0: Ball
1-0: Ball
2-0: Called Strike
2-1: Swinging Strike
2-2: Foul Ball, location: 2F
2-2: Ball
3-2: Fielders Choice at 2nd, 4-6 (Groundball, 4, EV 83.8 MPH)
Batting: RHB Omar Novoa 0-0: Ball
1-0: Grounds into double play, 4-6-3 (Groundball, 4M, EV 110.0 MPH)
Top of the 2nd over - 1 run, 2 hits, 0 errors, 0 left on base; South Bend 1 - Greensboro 2
BOTTOM OF THE 2ND
Greensboro Grasshoppers batting - Pitching for South Bend Cubs : RHP Jean-Paul Lefebvre
Batting: RHB Masumitsu Sugiura 0-0: Ball
1-0: Fly out, F7 (Line Drive, 7, EV 91.3 MPH)
Batting: RHB Chris Riddick 0-0: Swinging Strike
0-1: Foul Ball, location: 2F
0-2: Foul Ball, location: 2F
0-2: Ball
1-2: Strikes out swinging
Batting: LHB Juan Zuniga 0-0: Swinging Strike
0-1: Foul Ball, location: 2F
0-2: Ball
1-2: Foul Ball, location: 2F
1-2: Ball
2-2: Foul Ball, location: 2F
2-2: Ball
3-2: Ground out 6-3 (Groundball, 6M, EV 85.0 MPH)
Bottom of the 2nd over - 0 runs, 0 hits, 0 errors, 0 left on base; South Bend 1 - Greensboro 2
TOP OF THE 3RD
South Bend Cubs batting - Pitching for Greensboro Grasshoppers : RHP Zack Evans
Batting: RHB Jason Ostrom 0-0: Fly out, F4 (Popup, 4, EV 72.5 MPH)
Batting: LHB Bill Tardiff 0-0: Ball
1-0: Foul Ball, location: 2F
1-1: Swinging Strike
1-2: Fly out, F8 (Line Drive, 8RD, EV 97.5 MPH)
Batting: RHB Mike Savage 0-0: Foul Ball, location: 2F
0-1: Ball
1-1: Ball
2-1: Foul Ball, location: 2F
2-2: Fly out, F8 (Flyball, 8LM, EV 84.4 MPH)
Top of the 3rd over - 0 runs, 0 hits, 0 errors, 0 left on base; South Bend 1 - Greensboro 2
BOTTOM OF THE 3RD
Greensboro Grasshoppers batting - Pitching for South Bend Cubs : RHP Jean-Paul Lefebvre
Batting: RHB Tom Thompson 0-0: Ball
1-0: Swinging Strike
1-1: Ground out 4-3 (Groundball, 4, EV 85.0 MPH)
Batting: RHB Torquato Obawole 0-0: Called Strike
0-1: Called Strike
0-2: Ball
1-2: Ball
2-2: Foul Ball, location: 2F
2-2: Foul Ball, location: 2F
2-2: Foul Ball, location: 2F
2-2: Strikes out swinging
Batting: RHB Isaiah Brockman 0-0: Called Strike
0-1: Ball
1-1: Ball
2-1: Fly out, F8 (Flyball, 8RD, EV 103.8 MPH)
Bottom of the 3rd over - 0 runs, 0 hits, 0 errors, 0 left on base; South Bend 1 - Greensboro 2
TOP OF THE 4TH
South Bend Cubs batting - Pitching for Greensboro Grasshoppers : RHP Zack Evans
Batting: LHB Mike DiNardo 0-0: Fly out, F7 (Flyball, 78D, EV 103.1 MPH)
Batting: LHB Shuan-yan Wu 0-0: Called Strike
0-1: Called Strike
0-2: Foul Ball, location: 2F
0-2: Strikes out swinging
Batting: LHB Jim Polson 0-0: Ball
1-0: Ball
2-0: Called Strike
2-1: Foul Ball, location: 2F
2-2: Ground out 6-3 (Groundball, 6, EV 104.4 MPH)
Top of the 4th over - 0 runs, 0 hits, 0 errors, 0 left on base; South Bend 1 - Greensboro 2
BOTTOM OF THE 4TH
Greensboro Grasshoppers batting - Pitching for South Bend Cubs : RHP Jean-Paul Lefebvre
Batting: RHB Jake Shelton 0-0: Called Strike
0-1: Called Strike
0-2: Foul Ball, location: 2F
0-2: Strikes out swinging
Batting: RHB Jordan Arcidez 0-0: Ball
1-0: Called Strike
1-1: Swinging Strike
1-2: SINGLE (Flyball, 9LS, EV 90.6 MPH)
Batting: RHB Wei-guo Tsu 0-0: Ball
1-0: Foul Ball, location: 2F
1-1: Fielders Choice at 2nd, 6-4 (Groundball, 6, EV 83.8 MPH)
Batting: RHB Masumitsu Sugiura 0-0: Called Strike
0-1: Foul Ball, location: 2F
0-2: Foul Ball, location: 2F
0-2: Ball
1-2: Ball
2-2: Strikes out looking
Bottom of the 4th over - 0 runs, 1 hit, 0 errors, 1 left on base; South Bend 1 - Greensboro 2
TOP OF THE 5TH
South Bend Cubs batting - Pitching for Greensboro Grasshoppers : RHP Zack Evans
Batting: RHB John Madden 0-0: Ball
1-0: Ball
2-0: Fly out, F9 (Flyball, 89D, EV 91.3 MPH)
Batting: SHB Alvaro Andrade 0-0: Ball
1-0: Foul Ball, location: 2F
1-1: SINGLE (Flyball, 5D, EV 95.0 MPH)
Batting: RHB Omar Novoa 0-0: Ball
1-0: Ball
2-0: Called Strike
2-1: Foul Ball, location: 2F
2-2: Foul Ball, location: 2F
2-2: SINGLE (Groundball, 6MD, EV 95.6 MPH)
Alvaro Andrade to second
Runner from 2nd tries for 3rd, OUT! 8-5
Batting: RHB Jason Ostrom 0-0: Called Strike
Omar Novoa steals 2nd base (no throw)
0-1: Ball
1-1: 2-RUN HOME RUN (Flyball, 7D, EV 101.3 MPH), Distance : 382 ft
Batting: LHB Bill Tardiff 0-0: Called Strike
0-1: Ball
1-1: Swinging Strike
1-2: Foul Ball, location: 2F
1-2: Ball
2-2: Strikes out swinging, 2-3 out at first.
Top of the 5th over - 2 runs, 3 hits, 0 errors, 0 left on base; South Bend 3 - Greensboro 2
BOTTOM OF THE 5TH
Greensboro Grasshoppers batting - Pitching for South Bend Cubs : RHP Jean-Paul Lefebvre
Batting: RHB Chris Riddick 0-0: Ball
1-0: Ball
2-0: Foul Ball, location: 2F
2-1: Swinging Strike
2-2: Strikes out swinging
Batting: LHB Juan Zuniga 0-0: Ball
1-0: Ball
2-0: Called Strike
2-1: Ball
3-1: Base on Balls
Batting: RHB Tom Thompson 0-0: Grounds into double play, 4-6-3 (Groundball, 4D, EV 100.6 MPH)
Bottom of the 5th over - 0 runs, 0 hits, 0 errors, 0 left on base; South Bend 3 - Greensboro 2
TOP OF THE 6TH
South Bend Cubs batting - Pitching for Greensboro Grasshoppers : RHP Zack Evans
Batting: RHB Mike Savage 0-0: Called Strike
0-1: Ball
1-1: Foul Ball, location: 2F
1-2: Strikes out swinging
Batting: LHB Mike DiNardo 0-0: Ball
1-0: Called Strike
1-1: Called Strike
1-2: SOLO HOME RUN (Line Drive, 9LD, EV 93.1 MPH), Distance : 366 ft
Pitching: RHP Chris Forster
Batting: LHB Shuan-yan Wu 0-0: Foul Ball, location: 2F
0-1: Swinging Strike
0-2: Fly out, F6 (Popup, 6, EV 82.5 MPH)
Batting: LHB Jim Polson 0-0: Called Strike
0-1: Ball
1-1: Fly out, F9 (Flyball, 9S, EV 78.8 MPH)
Top of the 6th over - 1 run, 1 hit, 0 errors, 0 left on base; South Bend 4 - Greensboro 2
BOTTOM OF THE 6TH
Greensboro Grasshoppers batting - Pitching for South Bend Cubs : RHP Jean-Paul Lefebvre
Batting: RHB Torquato Obawole 0-0: Fly out, F2 (Popup, 13S, EV 91.9 MPH)
Batting: RHB Isaiah Brockman 0-0: Foul Ball, location: 2F
0-1: Foul Ball, location: 2F
0-2: Ball
1-2: Strikes out swinging
Batting: RHB Jake Shelton 0-0: Ball
1-0: Ball
2-0: Ball
3-0: Base on Balls
Batting: RHB Jordan Arcidez 0-0: Called Strike
Jake Shelton is caught stealing 2nd base 2-4
Bottom of the 6th over - 0 runs, 0 hits, 0 errors, 0 left on base; South Bend 4 - Greensboro 2
TOP OF THE 7TH
South Bend Cubs batting - Pitching for Greensboro Grasshoppers : RHP Chris Forster
Pitching: LHP Nick Gore
Batting: RHB John Madden 0-0: Called Strike
0-1: Ball
1-1: Ball
2-1: Called Strike
2-2: Foul Ball, location: 2F
2-2: Ball
3-2: Strikes out swinging
Batting: SHB Alvaro Andrade 0-0: Called Strike
0-1: Called Strike
0-2: Strikes out swinging
Batting: RHB Omar Novoa 0-0: Ball
1-0: Called Strike
1-1: Called Strike
1-2: Ball
2-2: Foul Ball, location: 2F
2-2: Ball
3-2: Base on Balls
Batting: RHB Jason Ostrom 0-0: Fielders Choice at 2nd, 5-4 (Groundball, 5L, EV 95.0 MPH)
Top of the 7th over - 0 runs, 0 hits, 0 errors, 1 left on base; South Bend 4 - Greensboro 2
BOTTOM OF THE 7TH
Greensboro Grasshoppers batting - Pitching for South Bend Cubs : RHP Jean-Paul Lefebvre
Batting: RHB Jordan Arcidez 0-0: Ground out 5-3 (Groundball, 5, EV 103.1 MPH)
Batting: RHB Wei-guo Tsu 0-0: Ball
1-0: Ball
2-0: Called Strike
2-1: Ball
3-1: Foul Ball, location: 2F
3-2: Base on Balls
Batting: RHB Masumitsu Sugiura 0-0: Foul Ball, location: 2F
0-1: Foul Ball, location: 2F
0-2: Strikes out looking
Batting: RHB Chris Riddick 0-0: Ball
1-0: Ball
2-0: Ball
3-0: Called Strike
3-1: Base on Balls
Wei-guo Tsu to second
Pitching: RHP Daniel Sullivan
Batting: LHB Juan Zuniga 0-0: Fly out, F8 (Flyball, 8LD, EV 105.0 MPH)
Bottom of the 7th over - 0 runs, 0 hits, 0 errors, 2 left on base; South Bend 4 - Greensboro 2
TOP OF THE 8TH
South Bend Cubs batting - Pitching for Greensboro Grasshoppers : LHP Nick Gore
Pitching: RHP Marco Quezada
Batting: LHB Bill Tardiff 0-0: Ball
1-0: Ball
2-0: Fly out, F9 (Flyball, 9, EV 76.9 MPH)
Batting: RHB Mike Savage 0-0: Foul Ball, location: 2F
0-1: Ball
1-1: Ball
2-1: Swinging Strike
2-2: Strikes out looking
Batting: LHB Mike DiNardo 0-0: Called Strike
0-1: Called Strike
0-2: Strikes out swinging
Top of the 8th over - 0 runs, 0 hits, 0 errors, 0 left on base; South Bend 4 - Greensboro 2
BOTTOM OF THE 8TH
Greensboro Grasshoppers batting - Pitching for South Bend Cubs : RHP Daniel Sullivan
Batting: RHB Tom Thompson 0-0: SINGLE (Line Drive, 7LM, EV 105.0 MPH)
Batting: RHB Torquato Obawole 0-0: Ball
1-0: Ball
2-0: Called Strike
2-1: Swinging Strike
2-2: Ball
3-2: Fly out, F8 (Flyball, 8LXD, EV 98.1 MPH)
Batting: RHB Isaiah Brockman 0-0: Ball
1-0: Called Strike
1-1: Ball
2-1: Ball
3-1: SINGLE (Flyball, 78S, EV 93.1 MPH)
Tom Thompson to second
Batting: RHB Jake Shelton 0-0: Fielders Choice at 2nd, 6-4 (Groundball, 6S, EV 83.1 MPH)
Tom Thompson to third
Batting: RHB Jordan Arcidez 0-0: Ball
1-0: Called Strike
1-1: Ball
2-1: Foul Ball, location: 2F
2-2: Ball
3-2: Strikes out swinging
Bottom of the 8th over - 0 runs, 2 hits, 0 errors, 2 left on base; South Bend 4 - Greensboro 2
TOP OF THE 9TH
South Bend Cubs batting - Pitching for Greensboro Grasshoppers : RHP Marco Quezada
Batting: LHB Shuan-yan Wu 0-0: Foul Ball, location: 2F
0-1: Ball
1-1: Ball
2-1: Foul Ball, location: 2F
2-2: SINGLE (Groundball, 4, EV 94.4 MPH)
Batting: LHB Jim Polson 0-0: Bunt missed!
0-1: Bunt missed!
0-2: Strikes out looking
Batting: RHB John Madden 0-0: Ball
1-0: Called Strike
1-1: Foul Ball, location: 2F
1-2: Ball
2-2: Ball
3-2: Foul Ball, location: 2F
3-2: Strikes out swinging
Batting: SHB Alvaro Andrade 0-0: Called Strike
0-1: Foul Ball, location: 2F
0-2: Ground out U3 (Groundball, 3, EV 86.3 MPH)
Top of the 9th over - 0 runs, 1 hit, 0 errors, 1 left on base; South Bend 4 - Greensboro 2
BOTTOM OF THE 9TH
Greensboro Grasshoppers batting - Pitching for South Bend Cubs : RHP Daniel Sullivan
Pitching: LHP Andres Lobato
Batting: RHB Wei-guo Tsu 0-0: Called Strike
0-1: Called Strike
0-2: Ball
1-2: Strikes out looking
Batting: RHB Masumitsu Sugiura 0-0: Called Strike
0-1: Swinging Strike
0-2: Strikes out swinging
Batting: RHB Chris Riddick 0-0: Swinging Strike
0-1: Ground out 1-3 (Groundball, 15S, EV 67.5 MPH)
Bottom of the 9th over - 0 runs, 0 hits, 0 errors, 0 left on base; South Bend 4 - Greensboro 2
Thursday, March 31st , 2022 - OOTP Baseball 22.12 Build 89